Map: 凯罗斯中转站-天梯版

Players

MaSa

  • Race: Terran Terran
  • League: Platinum

ShoWTimE - Winner!

  • Race: Protoss Protoss

Event: WESG 2018 Grand Finals

VOD

Have the link to the VOD?

Description

Time

  • Played on: March 11, 2019, 6:26 a.m.
  • Length: 8:33

All games in this series

Show
View Real Time Build Order
Export as new Build Order

MaSa Terran 

Build Orders: 1/1/1, Cyclone Opening 

Get SALT Encoding   

  12  0:00  SCV  
  13  0:12  SCV  
  14  0:16  Supply Depot  
  14  0:25  SCV  
  15  0:38  SCV  
  15  0:39  Barracks  
  16  0:45  Refinery  
  16  0:50  SCV  
  16  0:55  Refinery  
  17  1:02  SCV  
  18  1:05  Supply Depot  
  18  1:15  SCV  
  19  1:26  Marine  
  19  1:27  Orbital Command  
  20  1:41  Factory  
  20  1:45  Reaper  
  21  1:52  SCV  
  22  2:02  Barracks  
  22  2:05  SCV  
  23  2:17  Barracks Reactor  
  23  2:18  SCV  
  24  2:25  Starport  
  24  2:28  Factory Tech Lab  
  24  2:33  SCV  
  25  2:37  Supply Depot  
  25  2:46  SCV  
  25  2:49  Cyclone  
  25  2:50  Marine  
  30  2:53  Marine  
  31  2:59  Marine, SCV  
  32  3:08  Medivac, Reaper  
  32  3:10  Marine  
  36  3:17  Supply Depot  
  36  3:24  Siege Tank  
  39  3:33  Supply Depot  
  39  3:38  Marine x2  
  41  3:42  Viking  
  41  3:43  Marine  
  44  3:54  Supply Depot  
  44  3:56  Marine  
  44  4:02  Supply Depot  
  42  4:06  Marine x2  
  44  4:14  Marine  
  45  4:23  Marine  
  45  4:24  Siege Tank  
  49  4:32  Marine  
  50  4:42  Viking  
  50  4:45  Marine  
  50  4:55  Bunker  
  50  4:58  Marine x2  
  50  5:09  Siege Tank  
  52  5:16  Marine  
  53  5:23  Marine x2  
  48  5:34  Marine  
  45  5:40  Marine  
  45  5:41  Marine  
  44  5:48  SCV  
  42  5:52  Marine  
  43  5:58  Marine  
  43  6:00  Medivac  
  43  6:04  Marine  
  46  6:08  SCV  
  44  6:12  Marine  
  44  6:16  Marine  
  44  6:26  Bunker, SCV  
  44  6:29  Marine  
  44  6:30  Marine  
  46  6:34  Marine  
  47  6:41  Siege Tank  
  47  6:44  SCV  
  46  6:47  Marine x2  
  46  6:52  Medivac, Marine  
  43  7:03  Supply Depot  
  43  7:04  Marine  
  43  7:05  Marine  
  45  7:09  Marine  
  45  7:12  SCV  
  44  7:22  Marine, Siege Tank  
  46  7:23  Marine  
  46  7:27  Marine  
  49  7:36  Viking  
  49  7:46  Marine x2  
  49  7:50  Marine  
  51  8:04  Marine x2  
  51  8:05  SCV  
Show
View Real Time Build Order
Export as new Build Order

ShoWTimE Protoss - Winner!

Build Orders: 1 Gate Expand, Phoenix Opening, Mass Phoenix 

Get SALT Encoding   

  12  0:00  Probe  
  13  0:12  Probe  
  14  0:16  Pylon  
  14  0:23  Probe  
  15  0:31  Probe  
  16  0:36  Gateway  
  16  0:39  Probe  
  16  0:46  Assimilator  
  17  0:51  Probe  
  18  1:03  Probe  
  19  1:15  Probe  
  20  1:22  Nexus  
  20  1:31  Cybernetics Core  
  20  1:35  Probe  
  21  1:40  Assimilator  
  21  1:47  Probe  
  21  1:51  Pylon  
  21  1:59  Adept, Probe  
  22  2:11  Probe  
  25  2:16  Stargate  
  25  2:23  Probe  
  25  2:25  Stalker, Warp Gate  
  26  2:32  Probe  
  29  2:37  Probe  
  29  2:40  Probe  
  31  2:49  Probe x2  
  30  2:58  Phoenix  
  31  3:01  Probe x2  
  35  3:13  Probe x2  
  37  3:22  Phoenix  
  37  3:25  Probe x2  
  41  3:31  Gateway  
  41  3:37  Probe  
  41  3:40  Phoenix  
  41  3:41  Gateway  
  41  3:52  Pylon  
  43  3:56  Probe x2  
  45  4:05  Pylon  
  45  4:07  Phoenix  
  45  4:08  Probe  
  46  4:10  Probe  
  48  4:24  Pylon  
  48  4:25  Phoenix  
  48  4:31  Adept x2  
  48  4:37  Shield Battery  
  48  4:38  Stalker  
  56  4:42  Phoenix  
  56  4:50  Pylon  
  56  4:53  Adept  
  56  4:56  Adept  
  60  5:03  Adept  
  60  5:06  Gateway  
  62  5:13  Gateway  
  62  5:17  Adept  
  58  5:29  Phoenix  
  58  5:34  Gateway  
  54  5:40  Stalker  
  56  5:43  Shield Battery  
  56  5:47  Shield Battery, Phoenix  
  56  5:48  Pylon  
  55  5:52  Pylon  
  56  5:58  Pylon  
  56  6:04  Zealot x2  
  56  6:08  Zealot  
  56  6:10  Phoenix  
  62  6:30  Stalker x2, Zealot  
  66  6:44  Probe x2  
  66  6:52  Probe x2  
  64  6:55  Robotics Facility  
  64  6:57  Assimilator  
  64  7:00  Probe x2, Assimilator  
  66  7:02  Adept  
  70  7:11  Adept  
  70  7:12  Probe x2  
  73  7:17  Phoenix  
  73  7:21  Pylon  
  75  7:24  Probe  
  76  7:30  Adept x2  
  76  7:33  Adept  
  76  7:36  Pylon, Immortal  
  86  7:51  Adept  
  88  7:58  Adept x2  
  88  8:03  Pylon  
  92  8:19  Adept x3  
Tags
 
Add a new tag
Caveats
  • Supply blocks, unpowered buildings, or Contaminate may cause inaccurate times.
  • Supply counts are checked every 10 seconds.